 Dungeon Crawl Stone Soup version 0.31-a0-1118-gbca3d03946 (webtiles) character file.

Game seed: 15200008365566543450

45 gruber the Shooter (level 3, -1/30 HPs)
             Began as a Minotaur Hunter on Dec 4, 2023.
             Slain by Robin
             ... wielding a +0 dagger
              (2 damage)
             ... on level 2 of the Dungeon.
             The game lasted 00:00:38 (1095 turns).

gruber the Shooter (Minotaur Hunter)                Turns: 1095, Time: 00:00:38

Health: -1/30      AC:  3    Str: 15    XL:     3   Next: 42%
Magic:  2/2        EV: 12    Int:  6    God:
Gold:   56         SH:  0    Dex: 15    Spells: 2/2 levels left

rFire   . . .        a - +0 shortbow
rCold   . . .        (shield currently unavailable)
rNeg    . . .        c - +0 leather armour
rPois   .            (helmet restricted)
rElec   .            (no cloak)
rCorr   .            (no gloves)
SInv    .            (no boots)
Will    .....        (no amulet)
Stlth   +            (no ring)
HPRegen 0.25/turn    (no ring)
MPRegen 0.08/turn

%: no passive effects
@: no status effects
A: horns 2, retaliatory headbutt
a: no special abilities


You were on level 2 of the Dungeon.
You visited 1 branch of the dungeon, and saw 2 of its levels.

You collected 56 gold pieces.

Inventory:

Hand Weapons
 a - a +0 shortbow (weapon)
Armour
 c - a +0 leather armour (worn)
Jewellery
 k - an amulet of magic regeneration
Scrolls
 b - a scroll of butterflies
 f - 5 scrolls of identify {unknown}
 h - a scroll of immolation {unknown}
 i - 2 scrolls of amnesia {unknown}
 j - a scroll of torment {unknown}
 l - a scroll of poison {unknown}
Potions
 d - a potion of curing {unknown}
 e - a potion of haste {unknown}
 g - a potion of might {unknown}
 m - a potion of lignification {unknown}


   Skills:
 - Level 2.4 Fighting
 + Level 5.8 Ranged Weapons
 - Level 2.1 Dodging
 - Level 0.7 Stealth


You had 2 spell levels left.
You didn't know any spells.
Your spell library contained the following spells:

 Spells                   Type           Power      Damage    Failure   Level
 Cigotuvi's Dreadful Rot  Necr/Pois/Air  0%         N/A       67%         2
 Ignite Poison            Fire/Tmut/Pois 0%         N/A       88%         3
 Freezing Cloud           Conj/Ice/Air   0%         6-21      100%        5


Dungeon Overview and Level Annotations

Branches:
Dungeon (2/15)

Altars:
Ashenzari

Annotations:
D:2 Robin


Innate Abilities, Weirdness & Mutations

You have a pair of horns on your head.
You reflexively headbutt those who attack you in melee.


Message History

Robin is heavily wounded.
Robin barely misses you. The goblin hits you with a +0 dagger.
Fire: a) +0 shortbow
Press: ? - help, Q - select action Shift-Dir - straight line, f/p - Robin
Aim: Robin, wielding a +0 dagger, wearing a +0 animal skin and wearing a +0 helmet (heavily wounded, 69% to hit)
You shoot an arrow. The arrow hits Robin.
Robin is heavily wounded.
Robin hits you with a +0 dagger.
* * * LOW HITPOINT WARNING * * *
The goblin hits you with a +0 dagger.
* * * LOW HITPOINT WARNING * * *
Fire: a) +0 shortbow
Press: ? - help, Q - select action Shift-Dir - straight line, f/p - Robin
Aim: Robin, wielding a +0 dagger, wearing a +0 animal skin and wearing a +0 helmet (heavily wounded, 69% to hit)
You shoot an arrow. The arrow hits Robin.
Robin is almost dead.
Robin hits you but does no damage. The goblin hits you but does no damage.
Robin hits you with a +0 dagger.
* * * LOW HITPOINT WARNING * * *
The goblin misses you.
Fire: a) +0 shortbow
Press: ? - help, Q - select action Shift-Dir - straight line, f/p - Robin
Aim: Robin, wielding a +0 dagger, wearing a +0 animal skin and wearing a +0 helmet (almost dead, 69% to hit)
You shoot an arrow. The arrow hits Robin.
Robin is almost dead.
Robin hits you with a +0 dagger.
* * * LOW HITPOINT WARNING * * *
The goblin barely misses you.
Unknown command.
Fire: a) +0 shortbow
Press: ? - help, Q - select action Shift-Dir - straight line, f/p - Robin
Aim: Robin, wielding a +0 dagger, wearing a +0 animal skin and wearing a +0 helmet (almost dead, 69% to hit)
You shoot an arrow.
The arrow hits Robin but does no damage.
Robin is almost dead.
The hobgoblin no longer looks unusually strong.
Robin says, "Bow before me, strongest of all the hobgoblins!"
Robin hits you with a +0 dagger.
You die...
Robin calls out, "Let's celebrate!
Time for a feast!"

######## #.gg@g.#
.)...####.### ###
####.#.######
#...........#####
.....##.#.##.......#
##.# #.####.#.###.#
# ..# #.#.###.# ####
#.#..##.# #.##.##.#


You could see Robin, a hobgoblin and a goblin (strong).

Vanquished Creatures
  An adder (D:2)
  2 dart slugs (D:1)
  A bat (D:2)
  A giant cockroach (D:1)
  7 goblins
  6 hobgoblins
  2 kobolds
  2 quokkas (D:2)
  4 ball pythons
  2 frilled lizards (D:2)
  A rat (D:2)
29 creatures vanquished.

Notes
Turn   | Place    | Note
-------+----------+-------------------------------------------
     0 | D:1      | gruber the Minotaur Hunter began the quest for the Orb.
     0 | D:1      | Reached XP level 1. HP: 18/18 MP: 0/0
   366 | D:1      | Reached skill level 5 in Ranged Weapons
   366 | D:1      | Reached XP level 2. HP: 25/25 MP: 1/1
   661 | D:2      | Found a faded altar of an unknown god.
   823 | D:2      | Reached XP level 3. HP: 30/30 MP: 2/2
   885 | D:2      | Found a broken altar of Ashenzari.
  1077 | D:2      | Noticed Robin
  1094 | D:2      | HP: 1/30 [Robin/+0 dagger (3)]
  1095 | D:2      | Slain by Robin

Illustrated notes

Levels and vault maps discovered:
D:1:      dpeg_arrival_rhombus, layout_basic, minivault_11
D:2:      layout_loops_cross, hellmonk_ecumenical_altar_prayer_group,
          basic_altar, serial_park_tiny_pond, uniq_robin

Skill      XL: |  1 |
---------------+----+-----
Ranged Weapons | 5 |  5.8
Fighting       | |  2.4
Dodging        | |  2.1
Stealth        | |  0.7

Action                     || total
---------------------------++-------
   Fire: Shortbow          ||   102
 Armour: Leather armour    ||    34
  Dodge: Dodged            ||    27

Table legend: (Time is in decaauts)
 A = Elapsed time spent in this place.
 B = Non-inter-level travel time spent in this place.
 C = Inter-level travel time spent in this place.
 D = Time resting spent in this place.
 E = Time spent auto-exploring this place.
 F = Levels seen in this place.
 G = Mean time per level.
                   A        B        C        D        E       F      G
               +--------+--------+--------+--------+--------+-----+--------+
         Total |   1112 |   1099 |     13 |      0 |    922 |   2 |  556.0 |
       Dungeon |   1112 |   1099 |     13 |      0 |    922 |   2 |  556.0 |
               +--------+--------+--------+--------+--------+-----+--------+

Top non-repeatable levels by time:
     D:2: 562 daAuts
     D:1: 549 daAuts
